 Dungeon Crawl Stone Soup version 0.31-a0-542-gdc2a67831c (webtiles) character file.

Game seed: 4394584994525399658

120509 ragingrage the Black Belt (level 15, -19/120 HPs)
             Began as a Demigod Shapeshifter on Aug 15, 2023.
             Killed from afar by Roxanne (41 damage)
             ... with an entropic shot
             ... on level 15 of the Dungeon.
             The game lasted 00:41:15 (31337 turns).

ragingrage the Black Belt (Demigod Shapeshifter)   Turns: 31337, Time: 00:41:15

Health: -19/120    AC: 28    Str: 24    XL:     15   Next: 83%
Magic:  18/18      EV: 21    Int: 15    God:
Gold:   2061       SH:  0    Dex: 26    Spells: 14/14 levels left

rFire   . .          .
                       - Unarmed
rCold   + . .        (shield currently unavailable)
rNeg    . . .        y - +4 chain mail {Will+}
rPois   +            H - +2 helmet
rElec   +            G - +2 cloak
rCorr   .            J - +2 pair of gloves "Punuv" {rElec rC+ Int+2}
SInv    .            W - +2 pair of boots {rampage}
Will    ++...        E - amulet "Yjiablem" {RegenMP rPois Regen+ Int+3} Stlth
                     I - +4 ring of protection
HPRegen 1.20/turn    n - +5 ring of evasion
MPRegen 0.56/turn

%: rampage
@: flux-form, glowing
A: glow, contaminating, high MP 1, forlorn, divine attributes, hooves 1, frail 1
a: Begin Untransformation


You were on level 15 of the Dungeon.
You were something dangerously unstable.
You visited 3 branches of the dungeon, and saw 22 of its levels.
You also visited: Gauntlet and Volcano.

You collected 3038 gold pieces.
You spent 977 gold pieces at shops.

Inventory:

Missiles
 x - 14 curare-tipped darts (quivered)
 F - 5 boomerangs
 K - a throwing net
Armour
 o - a +2 plate armour of fire resistance
 u - the +4 chain mail "Pibbiukka" {rElec Int+4 Dex-3}
   (You bought it in a shop on level 3 of the Dungeon)

   Int+4:     It affects your intelligence (+4).
   Dex-3:     It affects your dexterity (-3).
   rElec:     It insulates you from electricity.
 y - a +4 chain mail of willpower (worn)
 G - a +2 cloak (worn)
 H - a +2 helmet (worn)
 J - the +2 pair of gloves "Punuv" (worn) {rElec rC+ Int+2}
   (You found it in a Gauntlet)

   Int+2:     It affects your intelligence (+2).
   rC+:       It protects you from cold.
   rElec:     It insulates you from electricity.
 P - the +0 plate armour of Whack-A-Mole {rPois Will+ Str+4 Dex-3}
   (You found it on level 10 of the Dungeon)

   Str+4:     It affects your strength (+4).
   Dex-3:     It affects your dexterity (-3).
   rPois:     It protects you from poison Will+: It increases your willpower.
 W - a +2 pair of boots of rampaging (worn)
Jewellery
 c - a ring of protection from cold
 n - a +5 ring of evasion (right hand)
 E - the amulet "Yjiablem" (around neck) {RegenMP rPois Regen+ Int+3}
   (You found it on level 13 of the Dungeon)

   [amulet of magic regeneration]

   RegenMP:   It increases your rate of magic regeneration.
   Int+3:     It affects your intelligence (+3).
   rPois:     It protects you from poison Regen+: It increases your rate of
   health regeneration.
 I - a +4 ring of protection (left hand)
 N - a ring of positive energy
 S - a ring of resist corrosion
 Z - a ring of see invisible
Talismans
 d - a flux talisman (active)
 w - a dragon-blood talisman
Wands
 a - a wand of flame (25)
 l - a wand of mindburst (4)
 D - a wand of polymorph (5)
 L - a wand of iceblast (10)
Scrolls
 e - 3 scrolls of identify
 h - a scroll of immolation
 i - 4 scrolls of poison
 j - a scroll of fog
 p - 5 scrolls of silence
 s - 10 scrolls of teleportation
 Q - 2 scrolls of blinking
 R - 2 scrolls of summoning
Potions
 b - 5 potions of lignification
 g - 9 potions of heal wounds
 k - 7 potions of attraction
 m - a potion of ambrosia
 q - a potion of berserk rage
 r - 2 potions of haste
 t - a potion of brilliance
 z - 4 potions of might
 A - 7 potions of curing
 B - a potion of mutation
 C - 2 potions of enlightenment
 O - 3 potions of resistance
 T - 4 potions of cancellation
 U - 2 potions of magic
 X - 2 potions of invisibility
Miscellaneous
 f - a lightning rod (4/4)
 v - a sack of spiders (inert)
 M - a phantom mirror


   Skills:
 - Level 12.5 Fighting
 - Level 10.3 Dodging
 - Level 16.0 Unarmed Combat
 - Level 9.0 Evocations
 + Level 9.6 Shapeshifting


You had 14 spell levels left.
You didn't know any spells.
Your spell library contained the following spells:

 Spells                   Type           Power      Damage    Failure   Level
 Kiss of Death            Conj/Necr      0%         2d5       87%         1
 Summon Small Mammal      Summ           0%         N/A       87%         1
 Blink                    Tloc           0%         N/A       95%         2
 Cigotuvi's Dreadful Rot  Necr/Pois/Air  0%         N/A       95%         2
 Call Canine Familiar     Summ           0%         N/A       99%         3
 Confusing Touch          Hex            0%         N/A       99%         3
 Frozen Ramparts          Ice            0%         1d1       99%         3
 Ignite Poison            Fire/Tmut/Pois 0%         N/A       99%         3
 Summon Guardian Golem    Hex/Summ       0%         N/A       99%         3
 Volatile Blastmotes      Fire/Tloc      0%         2d10      99%         3
 Animate Dead             Necr           0%         N/A       100%        4
 Dispel Undead            Necr           0%         3d6       100%        4
 Fulminant Prism          Conj/Hex       0%         3d5       100%        4
 Iskenderun's Mystic Bla  Conj/Tloc      0%         2d3       100%        4
 Manifold Assault         Tloc           0%         N/A       100%        4
 Olgreb's Toxic Radiance  Pois           0%         N/A       100%        4
 Petrify                  Tmut/Erth      0%         N/A       100%        4
 Borgnjor's Vile Clutch   Necr/Erth      0%         N/A       100%        5
 Freezing Cloud           Conj/Ice/Air   0%         6-21      100%        5
 Metabolic Englaciation   Hex/Ice        0%         N/A       100%        5
 Death Channel            Necr           0%         N/A       100%        6
 Discord                  Hex            0%         N/A       100%        8
 Ignition                 Fire           0%         3d3       100%        8


Dungeon Overview and Level Annotations

Branches:
Dungeon (15/15)            Temple (0/1) D:5            Lair (5/5) D:9
 Shoals (0/4) Lair:2       Spider (0/4) Lair:3        Slime (0/5) Lair:4
    Orc (2/2) D:9             Elf (0/3) Orc:2        Depths (0/4) D:15
Volcano (visited)         Gauntlet (visited)
 Vaults: D:13-14

Shops:
D:3 [=   D:4 *   D:5 !   D:10 *   D:11 :   D:13 *   D:14 :   Orc:2 (*!:*(

Annotations:
D:4 exclusion: downstairs
D:6 1 runed translucent door, randomguy2701's ghost, novice DENe
D:13 exclusions: vault guard and yaktaur
D:15 Roxanne


Innate Abilities, Weirdness & Mutations

You are something dangerously unstable.
You glow with magical radiation, making you easy to see and hit.
Foes you strike become dangerously contaminated with magical radiation.
You are incapable of wielding weapons or throwing items.
You have an increased reservoir of magic. (+10% MP)
You shall have no god before yourself.
Your divine heritage dramatically boosts your attributes as you level up.
You have large cloven feet.
You are frail. (-10% HP)


Message History

You rampage towards Roxanne!
You hit Roxanne.
Roxanne begins to glow.
Roxanne asks, "Could you be a darling and pick up those spellbooks for me?"
You hit Roxanne.
Roxanne glows dangerously bright.
You hit Roxanne but do no damage.
Roxanne shudders as magic cascades through her!!
You hit Roxanne.
Roxanne begins to glow.
Roxanne asks, "Say, could you scratch my back for me?"
You hit Roxanne but do no damage.
Roxanne glows dangerously bright.
You hit Roxanne but do no damage.
Roxanne shudders as magic cascades through her!
Roxanne mumbles some strange words.
The entropic shot misses you.
You hit Roxanne but do no damage.
Roxanne begins to glow.
You punch Roxanne!
Roxanne glows dangerously bright.
You hit Roxanne but do no damage.
Roxanne shudders as magic cascades through her!!
You hit Roxanne but do no damage.
Roxanne begins to glow.
You hit Roxanne but do no damage.
Roxanne glows dangerously bright.
You hit Roxanne but do no damage.
Roxanne shudders as magic cascades through her!!
You hit Roxanne but do no damage.
Roxanne begins to glow.
Roxanne mumbles some strange words.
The entropic shot misses you.
You hit Roxanne but do no damage.
Roxanne glows dangerously bright.
Roxanne mumbles some strange words.
The crystal spear hits you!!!
You hit Roxanne but do no damage.
Roxanne shudders as magic cascades through her!!
You punch Roxanne!
Roxanne begins to glow.
Roxanne casts a spell.
The bolt of magma hits you!
You hit Roxanne but do no damage.
Roxanne glows dangerously bright.
Roxanne mumbles some strange words.
The bolt of magma hits you!!!
* * * LOW HITPOINT WARNING * * *
You hit Roxanne but do no damage.
Roxanne shudders as magic cascades through her.
Roxanne casts a spell.
The entropic shot hits you!!!
You die...

...#### #........<# ####
#.......###
#########.......#
#...............#
..#######.......# ...##
###..####
#...#######.############
..#.........##....../..##
.########...##.8B.......#
..## #.#..............
#[.#### #.#.####.........
##....###.#.# #.........
##.......#.# #.........
#..#.#####.# #.........
#.#....# #.#####.......#
##.#....###..............
........##.))###.....


You could see Roxanne.

Vanquished Creatures
  A minotaur (Gauntlet)
  An entropy weaver (shapeshifter) (D:13)
  3 hydras
  2 ice dragons (D:15)
  3 two-headed ogres
  2 centaur warriors
  A merfolk avatar (Lair:5)
  2 boulder beetles
  2 tengu warriors (D:15)
  3 death yaks
  6 orc high priests
  A wretched star (Gauntlet)
  Amaemon (D:7)
  4 skysharks
  4 skeletal warriors (D:14)
  A salamander mystic (Volcano)
  Nergalle (Lair:2)
  Lodul (D:11)
  2 harpies (Lair:5)
  A wizard (Volcano)
  10 orc knights
  4 ugly things (D:15)
  3 deep elf pyromancers
  2 orc sorcerers (Orc:2)
  4 manticores
  5 cyclopes
  4 salamanders (Volcano)
  11 elephants
  A worldbinder (Gauntlet)
  Joseph (Lair:1)
  5 black mambas
  2 rust devils (D:9)
  6 molten gargoyles (Volcano)
  12 cane toads
  2 torpor snails
  3 gargoyles
  2 orange demons
  5 rime drakes
  A minotaur zombie (Gauntlet)
  2 efreet
  12 komodo dragons
  3 meliai (D:14)
  A troll (shapeshifter) (D:14)
  6 trolls
  A hornet (Lair:5)
  7 polar bears
  A snapping turtle (Lair:2)
  6 dream sheep (Lair:5)
  19 blink frogs
  10 slime creatures
  4 shadows
  A vampire (D:10)
  A wraith (D:11)
  5 wyverns
  Eustachio (D:4)
  37 yaks
  3 basilisks
  Grum (D:8)
  2 steam dragons
  4 neqoxecs
  3 vampire mosquitoes (D:12)
  A warg (Orc:2)
  A small abomination (Gauntlet)
  14 water moccasins
  A black bear (D:8)
  37 orc warriors
  An ice beast (D:5)
  A sky beast (D:6)
  11 ogres
  A boggart (Gauntlet)
  12 wolves
  7 centaurs
  A phantom (D:4)
  Blork the orc (D:5)
  14 bullfrogs
  7 scorpions
  7 wights
  10 killer bees (D:10)
  2 howler monkeys
  3 electric eels (Lair:1)
  4 hounds
  4 gnoll boudas
  6 jellies
  35 orc priests
  Crazy Yiuf (D:5)
  A sleepcap (D:4)
  3 iguanas
  Natasha (thrice) (D:3)
  18 orc wizards
  13 hell rats
  19 gnolls
  4 adders
  A river rat (D:9)
  A shadow imp (D:5)
  A white imp (D:6)
  3 ufetubi
  2 worms
  10 dart slugs
  75 orcs
  9 endoplasms
  3 giant cockroaches (D:3)
  8 goblins
  5 hobgoblins
  2 jackals (D:4)
  3 quokkas
  7 ball pythons
  4 bats
  2 frilled lizards
  A kobold (D:2)
  3 rats
638 creatures vanquished.

Vanquished Creatures (collateral kills)
  Jorgrun (Orc:1)
  A skyshark (Lair:4)
2 creatures vanquished.

Vanquished Creatures (others)
  A wizard (D:7)
  An orc priest (Orc:1)
2 creatures vanquished.

Grand Total: 642 creatures vanquished

Notes
Turn   | Place    | Note
-------+----------+-------------------------------------------
     0 | D:1      | ragingrage the Demigod Shapeshifter began the quest for the
                  | Orb.
     0 | D:1      | Reached XP level 1. HP: 15/15 MP: 3/3
   309 | D:1      | Reached skill level 3 in Unarmed Combat
   425 | D:1      | Reached XP level 2. HP: 19/22 MP: 4/4
  1171 | D:1      | HP: 1/22 [gnoll/+0 flail (4)]
  1175 | D:1      | Reached XP level 3. HP: 27/27 MP: 5/5
  2773 | D:3      | Reached XP level 4. HP: 34/34 MP: 6/6
  2809 | D:3      | Noticed Natasha
  2824 | D:3      | Killed Natasha
  3173 | D:3      | Reached skill level 4 in Unarmed Combat
  3175 | D:3      | Found Otwodium's Antique Armour Boutique.
  3185 | D:3      | Bought an encrusted chain mail for 247 gold pieces
  3185 | D:3      | Identified the +4 chain mail "Pibbiukka" {rElec Int+4
                  | Dex-3} (You bought it in a shop on level 3 of the Dungeon)
  3200 | D:3      | Noticed Natasha
  3217 | D:3      | Killed Natasha
  3222 | D:3      | Noticed Natasha
  3232 | D:3      | Killed Natasha
  3358 | D:3      | Found Xenapnaq's Jewellery Shoppe.
  3368 | D:3      | Reached XP level 5. HP: 39/39 MP: 7/7
  4137 | D:4      | Reached skill level 5 in Unarmed Combat
  4137 | D:4      | Reached XP level 6. HP: 33/46 MP: 8/8
  4231 | D:4      | Found Ogodiamut's Neck Hole.
  4288 | D:4      | Noticed Eustachio
  4315 | D:4      | Killed Eustachio
  4827 | D:5      | Entered Level 5 of the Dungeon
  4827 | D:5      | Found Ciog's Distillery.
  4839 | D:4      | Reached skill level 5 in Shapeshifting
  4953 | D:5      | Found a staircase to the Ecumenical Temple.
  4962 | D:4      | Reached skill level 1 in Fighting
  4999 | D:4      | Reached XP level 7. HP: 40/52 MP: 9/9
  5161 | D:5      | Noticed Blork the orc
  5529 | D:5      | Bought a potion of might for 60 gold pieces
  5529 | D:5      | Bought 2 potions of curing for 90 gold pieces
  5794 | D:5      | Killed Blork the orc
  5795 | D:5      | Reached skill level 6 in Unarmed Combat
  5795 | D:5      | Reached XP level 8. HP: 43/66 MP: 10/10
  5954 | D:5      | Found a runed translucent door.
  5955 | D:5      | Noticed Crazy Yiuf
  6540 | D:6      | Found a runed translucent door.
  6541 | D:6      | Noticed randomguy2701's ghost (novice DENe)
  7247 | D:6      | Reached skill level 7 in Unarmed Combat
  8593 | D:7      | Noticed a wizard
  8597 | D:7      | Killed a wizard
  8683 | D:8      | Reached skill level 8 in Unarmed Combat
  8927 | D:8      | Reached XP level 9. HP: 62/71 MP: 11/11
  8975 | D:8      | Noticed Grum
  9045 | D:8      | Reached skill level 9 in Unarmed Combat
  9057 | D:8      | Killed Grum
  9123 | D:8      | Noticed Amaemon
  9209 | D:8      | Noticed an orange demon
  9225 | D:7      | Killed Amaemon
  9226 | D:7      | Reached skill level 10 in Unarmed Combat
  9390 | D:8      | Killed an orange demon
  9833 | D:5      | Killed Crazy Yiuf
 10026 | D:9      | Reached skill level 11 in Unarmed Combat
 10051 | D:9      | Noticed a death yak
 10052 | D:9      | Noticed a death yak
 10067 | D:9      | Noticed a death yak
 10082 | D:8      | Killed a death yak
 10217 | D:9      | Noticed a deep elf pyromancer
 10243 | D:9      | Killed a deep elf pyromancer
 10244 | D:9      | Reached XP level 10. HP: 49/78 MP: 13/13
 10622 | D:9      | Noticed a two-headed ogre
 10633 | D:9      | Killed a two-headed ogre
 10634 | D:9      | Reached skill level 5 in Dodging
 10686 | D:9      | Found a staircase to the Lair.
 11081 | D:8      | Killed a death yak
 11082 | D:8      | Reached skill level 12 in Unarmed Combat
 11114 | D:9      | Killed a death yak
 11467 | D:9      | Found a staircase to the Orcish Mines.
 11536 | D:9      | Noticed a rust devil
 11539 | D:9      | Noticed a rust devil
 11543 | D:9      | Killed a rust devil
 11568 | D:9      | Killed a rust devil
 11649 | D:10     | Entered Level 10 of the Dungeon
 12154 | D:10     | Identified the +0 plate armour of Whack-A-Mole {rPois Will+
                  | Str+4 Dex-3}
 12247 | D:10     | Reached XP level 11. HP: 71/84 MP: 14/14
 12364 | D:10     | Noticed a two-headed ogre
 12386 | D:10     | Killed a two-headed ogre
 12715 | D:10     | Found Ea-nāṣir's Fine Metal Goods.
 12864 | D:11     | Found Qokhyal's Book Emporium.
 12979 | D:11     | Noticed Lodul
 13171 | D:11     | You fall into a shaft and drop 1 floor!
 13225 | D:12     | Reached skill level 13 in Unarmed Combat
 13437 | D:12     | Noticed a deep elf pyromancer
 13454 | D:12     | Killed a deep elf pyromancer
 13628 | D:4      | Bought an amulet of guardian spirit for 420 gold pieces
 13744 | Lair:1   | Entered Level 1 of the Lair of Beasts
 13751 | Lair:1   | Reached skill level 5 in Fighting
 14189 | Lair:1   | Identified the +2 leather armour of the Demonic God {rF+
                  | Will- Int+3 Slay+2}
 14475 | Lair:1   | Noticed Joseph
 14495 | Lair:1   | Killed Joseph
 15386 | Lair:2   | Reached XP level 12. HP: 69/102 MP: 15/15
 15638 | Lair:2   | Reached skill level 10 in Fighting
 15944 | Lair:2   | Reached skill level 1 in Evocations
 16033 | Lair:2   | Identified the +4 short sword of Esiafy Acka {heavy, rPois
                  | MP+9 Int+2}
 16064 | Lair:2   | Noticed Nergalle
 16077 | Lair:2   | Killed Nergalle
 16344 | Lair:2   | Found a staircase to the Shoals.
 16775 | Lair:3   | Found a hole to the Spider Nest.
 17036 | Lair:3   | Found a dark tunnel.
 17047 | Volcano  | Entered a volcano
 17294 | Volcano  | Noticed an orb of fire
 17475 | Volcano  | Reached skill level 5 in Evocations
 17972 | Volcano  | Noticed an orb of fire
 18182 | Lair:3   | Reached XP level 13. HP: 99/116 MP: 16/16
 18796 | Lair:4   | Found a staircase to the Slime Pits.
 18881 | Lair:3   | Reached skill level 10 in Dodging
 20015 | Lair:5   | Entered Level 5 of the Lair of Beasts
 21266 | Lair:5   | Identified the +8 trident "Sijoer" {flame, rElec rN++
                  | Will+}
 21801 | Lair:5   | Reached skill level 14 in Unarmed Combat
 22335 | D:11     | Killed Lodul
 22702 | D:12     | Reached XP level 14. HP: 110/126 MP: 13/17
 23829 | D:13     | Found Fubedd's General Store.
 23952 | D:13     | Reached skill level 15 in Unarmed Combat
 23952 | D:13     | Reached XP level 15. HP: 132/132 MP: 18/18
 24570 | D:14     | Found Eruyk's Book Boutique.
 24769 | D:14     | Found a gate leading to a gauntlet.
 24780 | Gauntlet | Entered a Gauntlet
 24780 | Gauntlet | Found a transporter.
 24789 | Gauntlet | Found a transporter.
 24804 | Gauntlet | Found a transporter.
 24809 | Gauntlet | Found a transporter.
 24824 | Gauntlet | Found a transporter.
 24843 | Gauntlet | Found a transporter.
 24855 | Gauntlet | Found a transporter.
 24867 | Gauntlet | Found a transporter.
 24873 | Gauntlet | Found a transporter.
 24873 | Gauntlet | Found a transporter.
 24892 | Gauntlet | Found a transporter.
 24904 | Gauntlet | Found a transporter.
 24921 | Gauntlet | Found a transporter.
 24938 | Gauntlet | Found a transporter.
 24940 | Gauntlet | Found a transporter.
 24987 | Gauntlet | Found a transporter.
 25101 | Gauntlet | Found a transporter.
 25184 | Gauntlet | Found a transporter.
 25269 | Gauntlet | Identified the ring "Xierphogi" {Wiz Str+4}
 25312 | Gauntlet | Gained mutation: Your body sometimes deteriorates upon
                  | taking damage. [a neqoxec]
 25322 | Gauntlet | Gained mutation: You are frail. (-10% HP) [a neqoxec]
 25325 | Gauntlet | Gained mutation: You occasionally lose the ability to read
                  | scrolls when taking damage. [a neqoxec]
 25344 | Gauntlet | Lost mutation: You are frail. (-10% HP) [potion of
                  | mutation]
 25344 | Gauntlet | Lost mutation: Your body sometimes deteriorates upon taking
                  | damage. [potion of mutation]
 25344 | Gauntlet | Lost mutation: You occasionally lose the ability to read
                  | scrolls when taking damage. [potion of mutation]
 25344 | Gauntlet | Gained mutation: You sometimes lose your temper in combat.
                  | [potion of mutation]
 25344 | Gauntlet | Gained mutation: Your muscles are strong. (Str +4, Int/Dex
                  | -1) [potion of mutation]
 25344 | Gauntlet | Gained mutation: You have large cloven feet. [potion of
                  | mutation]
 25355 | Gauntlet | Identified the +2 pair of gloves "Punuv" {rElec rC+ Int+2}
 25424 | Gauntlet | Identified the ring of Qibb {rElec Int+6}
 25895 | D:14     | Reached skill level 16 in Unarmed Combat
 26072 | Orc:1    | Entered Level 1 of the Orcish Mines
 26260 | D:9      | Lost mutation: You sometimes lose your temper in combat.
                  | [potion of mutation]
 26260 | D:9      | Lost mutation: Your muscles are strong. (Str +4, Int/Dex
                  | -1) [potion of mutation]
 26260 | D:9      | Gained mutation: You are frail. (-10% HP) [potion of
                  | mutation]
 26560 | Orc:2    | Entered Level 2 of the Orcish Mines
 27851 | Orc:2    | Found a staircase to the Elven Halls.
 27901 | Orc:2    | Found Raucixto's General Store.
 27911 | Orc:2    | Found Syqam's Weapon Shoppe.
 27949 | Orc:2    | Paralysed by an orc sorcerer for 5 turns
 28246 | Orc:1    | Noticed Jorgrun
 28564 | Orc:1    | Killed Jorgrun
 28782 | Orc:2    | Found Gowna's Weapon Boutique.
 28782 | Orc:2    | Found Miesueh's Book Boutique.
 28830 | Orc:2    | Found Rioxki's Assorted Antiques.
 28830 | Orc:2    | Found Cuyfudea's Distillery.
 28840 | Orc:2    | Bought a potion of haste for 160 gold pieces
 29772 | D:13     | Identified the amulet "Yjiablem" {RegenMP rPois Regen+
                  | Int+3}
 30635 | D:15     | Entered Level 15 of the Dungeon
 31165 | D:15     | Found a staircase to the Depths.
 31318 | D:15     | Noticed Roxanne
 31337 | D:15     | Killed from afar by Roxanne

Illustrated notes

Levels and vault maps discovered:
D:1:      erik_arrival_triangle_medium, layout_basic, minmay_close_crescents
D:2:      layout_basic, nicolae_ecumenical_oubliette
D:3:      layout_loops_ring, serial_glass, glass_columns_c, glass_columns_c,
          serial_shops, shop, shop, uniq_natasha
D:4:      kennysheep_slugbush, layout_basic, minivault_4,
          chequers_serial_rivers_micro_c, st_stairs_6,
          nicolae_shop_sticking_my_neck_out, uniq_eustachio
D:5:      layout_cave_pools, lemuel_crystal_altar,
          minmay_temple_entry_statues_fountains, serial_shops,
          nicolae_stop_n_shop_1, uniq_blork_the_orc, uniq_crazy_yiuf_cottage
D:6:      layout_layer_cave, gammafunk_ghost_grave
D:7:      layout_basic, trog_wizard, zin_academy
D:8:      layout_cave_pools, uniq_amaemon, uniq_grum
D:9:      layout_rooms, dpeg_lair_monsters, orc_0_dummy,
          minmay_misc_feat_rugged, nicolae_neqoxec_dot_bat
D:10:     layout_irregular_city, mainiacjoe_overflow_large_starburst,
          nicolae_ea-nasir_strikes_again
D:11:     layout_loops_ring, serial_shops, shop, uniq_lodul
D:12:     layout_roguey, lemuel_flamethrower_hall
D:13:     layout_roguey, grunt_vaults_entry_fortified, serial_shops, shop,
          minmay_misc_feat_cross, kennysheep_okawaru_gauntlet
D:14:     layout_layer_cave, serial_shops, shop, gauntlet_entry_generic
D:15:     grunt_enter_depths_hoard, layout_rooms, minmay_misc_feat_alley,
          lemuel_flamethrower_2, uniq_roxanne
Lair:1:   layout_cave_pods, disabler_island, grunt_megastairs_4, uniq_joseph
Lair:2:   layout_regular_city, minmay_shoals_entry_hut, minivault_19,
          uniq_nergalle
Lair:3:   layout_big_grid, dummy_spider_entry, enter_volcano_1,
          chequers_serial_rivers_large_a, grunt_megastairs_2
Lair:4:   layout_regular_city, minmay_slime_entry_pillars, serial_bayou_crossing
Lair:5:   gammafunk_lair_ancient_temple, layout_misc_corridors,
          infiniplex_staircase_pool
Orc:1:    layout_caves, basic_altar, kennysheep_orc_chapel, uniq_jorgrun
Orc:2:    st_orc_pillars, layout_caves, serial_shops, shop, nicolae_shop_trees

Skill      XL: |  1  2  3  4  5  6  7  8  9 10 11 12 13 14 15 |
---------------+----------------------------------------------+-----
Unarmed Combat | 3 4 5 6 8 11 12 13 14 15 16 | 16.0
Shapeshifting  | 3 4 5 6 9 |  9.6
Fighting       | 1 4 9 11 12 | 12.5
Dodging        | 3 4 7 8 9 10 | 10.3
Evocations     | 5 9 |  9.0

Action                     |  1- 3 |  4- 6 |  7- 9 | 10-12 | 13-15 || total
---------------------------+-------+-------+-------+-------+-------++-------
  Melee: Unarmed           |    76 |    72 |   205 |   690 |  1375 ||  2418
         Punch             |     4 |     4 |    11 |    10 |   124 ||   153
         Dagger            |    19 |    68 |   136 |       |       ||   223
  Throw: Dart              |       |       |    11 |    15 |     2 ||    28
  Evoke: Wand              |       |       |       |    12 |     7 ||    19
    Use: Potion            |     1 |       |     1 |     1 |     5 ||     8
         Scroll            |     4 |       |     3 |    12 |    10 ||    29
   Stab: Distracted        |       |       |       |       |     1 ||     1
 Armour: Chain mail        |    32 |    87 |   223 |    49 |   213 ||   604
         Animal skin       |     4 |       |       |       |       ||     4
         Skin              |       |       |       |    76 |       ||    76
         Plate armour      |       |       |       |    95 |   111 ||   206
         Leather armour    |       |       |       |   115 |   180 ||   295
  Dodge: Dodged            |    43 |    53 |   172 |   410 |  1210 ||  1888
   Form: Flux              |       |       |     1 |     1 |     3 ||     5
         Beast             |       |       |     1 |       |     1 ||     2
                           |       |       |       |       |     3 ||     3

Table legend: (Time is in decaauts)
 A = Elapsed time spent in this place.
 B = Non-inter-level travel time spent in this place.
 C = Inter-level travel time spent in this place.
 D = Time resting spent in this place.
 E = Time spent auto-exploring this place.
 F = Levels seen in this place.
 G = Mean time per level.
                   A        B        C        D        E       F      G
               +--------+--------+--------+--------+--------+-----+--------+
         Total |  30931 |  29012 |   1919 |   7568 |  15640 |  24 | 1288.8 |
       Dungeon |  19214 |  17632 |   1582 |   4219 |  10341 |  15 | 1280.9 |
          Lair |   7129 |   6905 |    224 |   1649 |   3783 |   5 | 1425.8 |
  Orcish Mines |   2698 |   2586 |    112 |    753 |   1110 |   2 | 1349.0 |
       Volcano |   1052 |   1052 |      0 |    717 |     85 |   1 | 1052.0 |
      Gauntlet |    837 |    837 |      0 |    228 |    320 |   1 |  837.0 |
               +--------+--------+--------+--------+--------+-----+--------+

Top non-repeatable levels by time:
     D:9: 2196 daAuts
  Lair:4: 1767 daAuts
     D:4: 1720 daAuts
     D:6: 1646 daAuts
  Lair:1: 1551 daAuts
  Lair:5: 1434 daAuts
    D:10: 1421 daAuts
     D:7: 1413 daAuts
   Orc:2: 1405 daAuts
     D:2: 1389 daAuts
  Lair:2: 1378 daAuts
    D:14: 1299 daAuts
   Orc:1: 1292 daAuts
    D:13: 1128 daAuts
     D:3: 1098 daAuts
